 Dungeon Sprint DCSS version 0.26-a0-244-g083ca260ac (webtiles) character file.

Game seed: 10026882004826998532

8752 Conn the Eclecticist (level 11, -16/58 (60) HPs)
             Began as an Octopode Hedge Wizard on July 8, 2020.
             Was a High Priest of Sif Muna.
             Demolished by a lorocyproca (19 damage)
             ... in the Dungeon (Sprint I: "Red Sonja").
             The game lasted 00:41:12 (3367 turns).

Conn the Eclecticist (Octopode Hedge Wizard)        Turns: 3367, Time: 00:41:12

HP:   -16/58 (60)   AC:  4    Str: 10    XL:     11   Next: 35%
MP:   17/37         EV: 16    Int: 24    God:    Sif Muna [*****.]
Gold: 149           SH:  0    Dex: 12    Spells: 15/42 levels left

rFire    . . .     SeeInvis .   k - +9 long sword of Puzorum {protect, +Rage rN+ Str+2}
rCold    . . .     Faith    .   (no shield)
rNeg     + . .     Spirit   .   o - +3 hat of Pondering {ponderous, MR+ MP+10 Int+5}
rPois    .         Reflect  .   (no amulet)
rElec    .         Harm     .   f - ring of protection from magic
rCorr    .         NoTele   +   (no ring)
MR       ++...                  (no ring)
Stlth    ++++++....             (no ring)
HPRegen  0.19/turn              (no ring)
MPRegen  0.25/turn              (no ring)
                                (no ring)
                                (no ring)

@: slow
A: almost no armour, stealthy swim, amphibious, 8 rings, constrict 8, camouflage
1, frail 1, low mp 1, weak 1, gelatinous body 1, no potion heal 1
a: Channel Magic, Forget Spell, Divine Exegesis, Renounce Religion, Evoke
Berserk Rage


You were in the Dungeon.
You worshipped Sif Muna.
Sif Muna was extremely pleased with you.
You were not hungry.

You visited 1 branch You collected 1052 gold pieces.
You spent 903 gold pieces at shops.

Inventory:

Hand Weapons
 h - a +1 dagger of speed
 i - a +3 vampiric dagger
 k - the +9 long sword of Puzorum (weapon) {protect, +Rage rN+ Str+2}
   (You found it in the Dungeon)

   It grants its wielder temporary protection when it strikes (+7 to AC).
   It affects your strength (+2).
   It protects you from negative energy.
   It lets you go berserk.
Missiles
 j - 4 curare-tipped darts (quivered)
Armour
 a - a +0 hat
 o - the +3 hat of Pondering (worn) {ponderous, MR+ MP+10 Int+5}
   (You bought it in a shop in the Dungeon)

   It affects your intelligence (+5).
   It affects your resistance to hostile enchantments.
   It affects your magic capacity (+10).
Jewellery
 f - a ring of protection from magic (left tentacle)
Wands
 b - a wand of flame (8)
Scrolls
 c - a scroll of remove curse {unknown}
 l - a scroll of amnesia {unknown}
 m - a scroll of identify {unknown}
Potions
 d - 2 potions of curing
 e - 3 potions of heal wounds
 g - 2 potions of magic
 n - a potion of mutation
Miscellaneous
 p - a phantom mirror


   Skills:
 + Level 3.4 Fighting
 + Level 4.9(5.8) Short Blades
 + Level 4.6(5.6) Long Blades
 + Level 2.7 Throwing
 + Level 5.8 Dodging
 - Level 9.5 Stealth
 * Level 16.1 Spellcasting
 * Level 10.6 Conjurations
 + Level 6.5 Summonings
 + Level 1.8 Translocations
 * Level 4.1 Ice Magic
 * Level 4.2 Air Magic
 - Level 4.7 Poison Magic
 - Level 9.0 Invocations
 + Level 4.1 Evocations


You had 15 spell levels left.
You knew the following spells:

 Your Spells              Type           Power        Failure   Level
a - Magic Dart            Conj           ####         1%          1
b - Blink                 Tloc           N/A          1%          2
c - Call Imp              Summ           ######..     1%          2
d - Conjure Flame         Conj/Fire      #####...     1%          3
e - Mephitic Cloud        Conj/Pois/Air  ######..     1%          3
f - Freezing Cloud        Conj/Ice/Air   #####.....   32%         6
g - Summon Demon          Summ           ######....   5%          5
h - Lightning Bolt        Conj/Air       ######....   3%          5

Your spell library contained the following spells:

 Spells                   Type           Power        Failure   Level
 Shock                    Conj/Air       ####         1%          1
 Corpse Rot               Necr/Air       N/A          1%          2
 Swiftness                Chrm/Air       ####....     1%          2
 Static Discharge         Conj/Air       ######..     1%          3
 Slow                     Hex            ###.....     4%          2
 Airstrike                Air            #####.....   4%          4
 Summon Mana Viper        Hex/Summ       #####...     21%         5
 Conjure Ball Lightning   Conj/Air       ######....   21%         6
 Shadow Creatures         Summ           N/A          28%         6
 Haunt                    Necr/Summ      #####.....   99%         7


Dungeon Overview and Level Annotations

Branches:
Dungeon (1/1)

Altars:
Cheibriados
Dithmenos
Elyvilon
Fedhas
Gozag
Hepliaklqana
Kikubaaqudgha
Makhleb
Nemelex Xobeh
Okawaru
Qazlal
Ru
Sif Muna
Trog
Uskayaw
Vehumet
Wu Jian
Xom
Yredelemnul
Zin
The Shining One
Jiyva
Lugonu

Shops:
D =(((!*%}=%([[!%*(:([!


Innate Abilities, Weirdness & Mutations

You cannot wear most types of armour.
You are very stealthy in the water. (Stealth+)
You are amphibious.
You can wear up to eight rings at the same time.
You can use your tentacles to constrict eight enemies at once.
Your skin changes colour to match your surroundings (Stealth+).
Your rubbery body absorbs attacks. (AC +1, EV +1)
You are frail. (-10% HP)
Your magical capacity is low. (-10% MP)
You are weak. (Str -2)
Potions are less effective at restoring your health.


Message History

Aiming: Lightning Bolt (dangerous; 3% risk of failure)
Press: ? - help, Shift-Dir - straight line, p - gargoyle
Okay, then.
Casting: Lightning Bolt (dangerous; 3% risk of failure)
Confirm with . or Enter, or press ? or * to list all spells.
Okay, then.
Casting: Lightning Bolt (dangerous; 3% risk of failure)
Confirm with . or Enter, or press ? or * to list all spells.
Aiming: Lightning Bolt (dangerous; 3% risk of failure)
Press: ? - help, Shift-Dir - straight line, p - gargoyle You hear a mighty clap of thunder!
The bolt of lightning hits something!
The bolt of lightning hits the gargoyle but does no damage.
The gargoyle is severely damaged.
The bolt of lightning hits the gargoyle!
The gargoyle resists.
You destroy the gargoyle!
Sif Muna accepts your kill. Something hits you!!
You die...

##########################
#<.#.)'..#..'..#__#..†...#
#..'..#..)..#..'..'..#)†.##+#
#.)#####'#####'#__####...†..#
#..####..#...#.####((#####..+
#..#__####..##§#§§§..#..# ##
#..#_____##3#§§{@§§§§§§§#
#⌠⌠#_.∩...'.3.§#§§§§§#..#
####_..__##_)#'##'#####'###
#_____###'#§#.§(.###.'.#
############.####'###.###.#
#∩........'...'.....'(∩##§#
###''''####...###########.#
#.......####.###......§##.#
#........#.#'#.#......§§§§#


There were no monsters in sight!

Vanquished Creatures
  2 centaur warriors (D)
  Sonja (D)
  An unseen horror (D)
  A deep troll (D)
  An oklob plant (D)
  3 shining eyes (D)
  A gargoyle (D)
  A demonic crawler (D)
  2 kobold demonologists (D)
  A hornet (D)
  A slime creature (D)
  Sigmund (D)
  A yak (D)
  A redback (D)
  4 floating eyes (D)
  7 necrophages (D)
  An ogre (D)
  7 jellies (D)
  Ijyb (D)
38 creatures vanquished.

Vanquished Creatures (collateral kills)
  5 shining eyes (D)
  3 demonic crawlers (D)
  A redback (D)
  2 floating eyes (D)
  A jelly (D)
12 creatures vanquished.

Vanquished Creatures (others)
  An unseen horror (D)
  A gargoyle (D)
  A ball lightning (D)
  3 hornets (D)
  2 ballistomycete spores (D)
8 creatures vanquished.

Grand Total: 58 creatures vanquished

Notes
Turn   | Place    | Note
-------+----------+-------------------------------------------
     0 | D        | Conn the Octopode Hedge Wizard began the quest for the Orb.
     0 | D        | Reached XP level 1. HP: 11/11 MP: 4/4
     1 | D        | Noticed Ijyb
    13 | D        | Killed Ijyb
    13 | D        | Reached skill level 5 in Spellcasting
    13 | D        | Reached XP level 2. HP: 16/18 MP: 5/8
    35 | D        | Noticed an ogre
    49 | D        | Killed an ogre
    49 | D        | Reached skill level 7 in Spellcasting
    49 | D        | Reached skill level 1 in Evocations
    49 | D        | Reached XP level 3. HP: 15/22 MP: 9/12
    49 | D        | Reached XP level 4. HP: 18/27 MP: 9/13
   139 | D        | Noticed Sigmund
   144 | D        | Learned a level 2 spell: Blink
   147 | D        | Learned a level 2 spell: Call Imp
   151 | D        | Learned a level 3 spell: Conjure Flame
   155 | D        | Learned a level 3 spell: Mephitic Cloud
   170 | D        | Killed Sigmund
   170 | D        | Reached skill level 1 in Fighting
   170 | D        | Reached skill level 10 in Spellcasting
   170 | D        | Reached XP level 5. HP: 33/33 MP: 6/17
   170 | D        | Reached XP level 6. HP: 38/38 MP: 6/19
   256 | D        | Found a shimmering blue altar of Sif Muna.
   257 | D        | Found an ornate altar of the Wu Jian Council.
   258 | D        | Found a radiant altar of Vehumet.
   266 | D        | Became a worshipper of Sif Muna the Loreminder
   389 | D        | Found Dokkar's Antique Weapon Emporium.
   389 | D        | Found an ancient bone altar of Kikubaaqudgha.
   389 | D        | Found a hazy altar of Hepliaklqana.
   389 | D        | Found a stormy altar of Qazlal.
   389 | D        | Found a hide-covered altar of Uskayaw.
   389 | D        | Found a blossoming altar of Fedhas.
   389 | D        | Found a bloodstained altar of Trog.
   389 | D        | Found an iron altar of Okawaru.
   389 | D        | Found a basalt altar of Yredelemnul.
   389 | D        | Found a glowing golden altar of the Shining One.
   389 | D        | Found a snail-covered altar of Cheibriados.
   389 | D        | Found a sacrificial altar of Ru.
   389 | D        | Found a glowing silver altar of Zin.
   389 | D        | Found a shadowy altar of Dithmenos.
   389 | D        | Found a white marble altar of Elyvilon.
   389 | D        | Noticed a yak
   404 | D        | Found an opulent altar of Gozag.
   404 | D        | Found a sparkling altar of Nemelex Xobeh.
   411 | D        | Killed a yak
   411 | D        | Reached skill level 1 in Short Blades
   411 | D        | Reached skill level 5 in Stealth
   411 | D        | Reached skill level 11 in Spellcasting
   411 | D        | Reached skill level 5 in Conjurations
   411 | D        | Reached XP level 7. HP: 41/43 MP: 7/21
   494 | D        | Found a viscous altar of Jiyva.
   494 | D        | Found a corrupted altar of Lugonu.
   494 | D        | Noticed a slime creature
   495 | D        | Found a burning altar of Makhleb.
   495 | D        | Found a shimmering altar of Xom.
   511 | D        | Killed a slime creature
   511 | D        | Reached * piety under Sif Muna
   511 | D        | Reached skill level 1 in Poison Magic
   629 | D        | Noticed a kobold demonologist
   629 | D        | Noticed a kobold demonologist
   637 | D        | Reached skill level 12 in Spellcasting
   637 | D        | Reached skill level 1 in Invocations
   642 | D        | Killed a kobold demonologist
   642 | D        | Reached skill level 1 in Air Magic
   642 | D        | Reached XP level 8. HP: 39/50 MP: 21/24
   657 | D        | Killed a kobold demonologist
   657 | D        | Reached ** piety under Sif Muna
   807 | D        | Noticed Sonja
   816 | D        | Killed Sonja
   816 | D        | Reached skill level 5 in Dodging
   816 | D        | Reached skill level 13 in Spellcasting
   816 | D        | Reached skill level 5 in Invocations
   816 | D        | Reached XP level 9. HP: 36/55 MP: 15/26
   904 | D        | Killed a hornet
   961 | D        | Killed a hornet
  1128 | D        | Found Tump's Jewellery Boutique.
  1153 | D        | Noticed a deep troll
  1217 | D        | Killed a deep troll
  1260 | D        | Found Elaleot's Armour Emporium.
  1274 | D        | Got an iridescent long sword
  1275 | D        | Identified the +9 long sword of Puzorum {protect, +Rage rN+
                  | Str+2} (You found it in the Dungeon)
  1339 | D        | Noticed a centaur warrior
  1341 | D        | Noticed a centaur warrior
  1350 | D        | Killed a centaur warrior
  1350 | D        | Reached skill level 1 in Throwing
  1359 | D        | Killed a centaur warrior
  1359 | D        | Reached skill level 1 in Long Blades
  1359 | D        | Reached skill level 14 in Spellcasting
  1359 | D        | Reached XP level 10. HP: 41/61 MP: 19/28
  1465 | D        | Reached *** piety under Sif Muna
  1485 | D        | Noticed an oklob plant
  1897 | D        | Noticed a shining eye
  1897 | D        | Noticed a shining eye
  1897 | D        | Noticed a shining eye
  1904 | D        | Gained mutation: Potions are less effective at restoring
                  | your health. [a shining eye]
  1934 | D        | Killed a shining eye
  1945 | D        | Gained mutation: You are weak. (Str -2) [a shining eye]
  1996 | D        | Killed a shining eye
  2015 | D        | Killed a shining eye
  2015 | D        | Reached **** piety under Sif Muna
  2037 | D        | Noticed a shining eye
  2037 | D        | Noticed a shining eye
  2037 | D        | Noticed a shining eye
  2043 | D        | Killed a shining eye
  2058 | D        | Killed a shining eye
  2058 | D        | Reached skill level 15 in Spellcasting
  2058 | D        | Reached skill level 5 in Summonings
  2096 | D        | Gained mutation: You are frail. (-10% HP) [a shining eye]
  2097 | D        | Gained mutation: Your magical capacity is low. (-10% MP) [a
                  | shining eye]
  2099 | D        | Killed a shining eye
  2099 | D        | Reached ***** piety under Sif Muna
  2099 | D        | Identified Sif Muna's Compendium of Lightness (Sif Muna
                  | gifted it to you in the Dungeon)
  2099 | D        | Received a gift from Sif Muna
  2103 | D        | Noticed a shining eye
  2103 | D        | Noticed a shining eye
  2139 | D        | Killed a shining eye
  2173 | D        | Killed a gargoyle
  2185 | D        | Killed a shining eye
  2198 | D        | Found Secoinof's Weapon Shoppe.
  2198 | D        | Found Inyutysm's Distillery.
  2198 | D        | Found Docwum's Antique Weapon Emporium.
  2198 | D        | Found Cucoolar's Assorted Antiques.
  2214 | D        | Bought 2 potions of heal wounds for 130 gold pieces
  2262 | D        | Learned a level 6 spell: Freezing Cloud
  2560 | D        | Killed an oklob plant
  2560 | D        | Reached skill level 1 in Ice Magic
  2888 | D        | Reached XP level 11. HP: 19/59 MP: 12/27
  3111 | D        | Killed an unseen horror
  3111 | D        | Reached skill level 10 in Conjurations
  3133 | D        | Killed an unseen horror
  3146 | D        | Identified Sif Muna's Tome of Creation (Sif Muna gifted it
                  | to you in the Dungeon)
  3146 | D        | Received a gift from Sif Muna
  3154 | D        | Learned a level 5 spell: Summon Demon
  3184 | D        | Received a gift from Sif Muna
  3207 | D        | Found Maus's Gadget Shoppe.
  3207 | D        | Found Nuumat Heof's Food Shop.
  3207 | D        | Found Weichups's Jewellery Boutique.
  3209 | D        | Found Jilall Sism's Food Emporium.
  3209 | D        | Found Faihiar's Weapon Shop.
  3209 | D        | Found Epteank's Armour Shoppe.
  3209 | D        | Found Biskaawiv's Antique Armour Boutique.
  3209 | D        | Found Sietz's Distillery.
  3209 | D        | Found Ygygryut's Food Shop.
  3209 | D        | Found Luamm's General Store.
  3212 | D        | Found Deetyit's Weapon Boutique.
  3213 | D        | Found Roedghosm's Antique Weapon Emporium.
  3213 | D        | Found Paphoitu's Book Boutique.
  3214 | D        | Found Gymm's Distillery.
  3234 | D        | Bought a potion of mutation for 88 gold pieces
  3235 | D        | Bought the +3 hat of Pondering {ponderous, MR+ MP+10 Int+5}
                  | for 685 gold pieces
  3235 | D        | Found the +3 hat of Pondering {ponderous, MR+ MP+10 Int+5}
  3313 | D        | Learned a level 5 spell: Lightning Bolt
  3329 | D        | Reached skill level 16 in Spellcasting
  3362 | D        | HP: 2/58 [something (32)]
  3367 | D        | Demolished by a lorocyproca

Illustrated notes

Levels and vault maps discovered:
D:        dungeon_sprint_1 [red_sonja_temple_1, red_sonja_temple_small_1]

Skill      XL: |  1  2  3  4  5  6  7  8  9 10 11 |
---------------+----------------------------------+-----
Stealth        | 3 4 5 7 8 9 |  9.5
Spellcasting   | 5 7 10 11 12 13 14 15 16 | 16.1
Conjurations   | 2 3 4 5 6 7 8 9 10 | 10.6
Dodging        | 3 4 5 |  5.8
Evocations     | 1 2 3 4 |  4.1
Fighting       | 1 2 3 |  3.4
Short Blades   | 1 3 4 |  4.9
Poison Magic   | 1 2 4 |  4.7
Invocations    | 2 5 7 9 |  9.0
Air Magic      | 1 3 4 |  4.2
Summonings     | 2 3 6 |  6.5
Throwing       | 2 |  2.7
Long Blades    | 1 3 4 |  4.6
Ice Magic      | 1 4 |  4.1
Translocations | |  1.8

Action                   |  1- 3 |  4- 6 |  7- 9 | 10-12 || total
-------------------------+-------+-------+-------+-------++-------
Melee: Unarmed           |     8 |     9 |       |       ||    17
       Constrict         |     1 |     4 |     5 |    14 ||    24
       Tentacles         |       |     4 |     4 |    17 ||    25
       Dagger            |       |    16 |    27 |       ||    43
       Long sword        |       |       |     9 |    64 ||    73
Throw: Dart              |       |       |     9 |       ||     9
 Cast: Magic Dart        |       |     7 |    11 |    16 ||    34
       Mephitic Cloud    |       |     3 |    13 |    10 ||    26
       Conjure Flame     |       |     1 |     6 |       ||     7
       Blink             |       |     1 |     3 |     1 ||     5
       Call Imp          |       |     1 |     6 |    26 ||    33
       Freezing Cloud    |       |       |       |     1 ||     1
       Conjure Ball Ligh |       |       |       |     1 ||     1
       Lightning Bolt    |       |       |       |     5 ||     5
       Summon Demon      |       |       |       |     5 ||     5
Invok: Channel Magic     |       |       |     1 |       ||     1
       Divine Exegesis   |       |       |       |     2 ||     2
Evoke: Wand              |     5 |     1 |     3 |     1 ||    10
       Box of beasts     |       |       |       |     1 ||     1
  Use: Potion            |     2 |       |       |     3 ||     5
       Scroll            |     1 |       |       |       ||     1
 Stab: Confused          |       |     2 |     5 |     2 ||     9
       Sleeping          |       |       |     1 |       ||     1
       Distracted        |       |       |       |     3 ||     3
  Eat: Ration            |       |       |     1 |     1 ||     2
Armor: Skin              |       |     1 |       |    18 ||    19
Dodge: Dodged            |     2 |     6 |    11 |    48 ||    67
       Rpst.: Long sword |       |       |       |     8 ||     8

Table legend:
 A = Non-vault XP
 B = Vault XP
 C = Vault XP percentage of total XP
 D = Non-vault monster count
 E = Vault monster count
 F = Vault count percentage of total count
                 A         B        C        D         E       F
            +---------+---------+-------+---------+---------+-------
      Total |       0 |   12504 | 100.0 |       0 |      51 | 100.0
            +---------+---------+-------+---------+---------+-------
          D |       0 |   12504 | 100.0 |       0 |      51 | 100.0
            +---------+---------+-------+---------+---------+-------
